 Dungeon Crawl Stone Soup version 0.21.1-1-g345015f (webtiles) character file.

658 ninurtach the Changer (level 7, -13/53 HPs)
             Began as a Purple Draconian Transmuter on Apr 6, 2018.
             Mangled by an orc warrior
             ... wielding a +0 battleaxe
              (21 damage)
             ... on level 4 of the Dungeon.
             The game lasted 00:10:36 (5909 turns).

ninurtach the Changer (Purple Draconian Transmuter) Turns: 5909, Time: 00:10:38

Health: -13/53     AC:  6    Str: 12    XL:     7   Next: 30%
Magic:  13/14      EV: 12    Int: 15    God:
Gold:   113        SH:  0    Dex: 12    Spells: 5/16 levels left

rFire    . . .     SeeInvis .   l - +0 short sword (elec)
rCold    . . .     Gourm    .   (no shield)
rNeg     . . .     Faith    .   (armour unavailable)
rPois    .         Spirit   .   (helmet restricted)
rElec    .         Reflect  .   (no cloak)
rCorr    .         Harm     .   (no gloves)
MR       +....                  (no boots)
Stlth    +.........             (no amulet)
HPRegen  0.17/turn              (no ring)
MPRegen  0.14/turn              (no ring)

@: no status effects
A: breathe power, unfitting armour, cold-blooded, AC +6
a: Breathe Dispelling Energy


You were on level 4 of the Dungeon.
You were not hungry.

You visited 1 branch of the dungeon, and saw 4 of its levels.

You collected 113 gold pieces.

Inventory:

Hand Weapons
 l - a +0 short sword of electrocution (weapon)
Missiles
 a - 60 arrows
Jewellery
 m - a cursed ring of ice {unknown}
Scrolls
 f - a scroll of amnesia
 g - a scroll of noise {unknown}
 i - 3 scrolls of fog
 k - 2 scrolls of remove curse
Potions
 d - 2 potions of agility
 e - a potion of ambrosia {unknown}
 h - a potion of haste
 j - a potion of lignification
 n - a potion of mutation {unknown}
Books
 b - a book of Changes

   Spells                             Type                      Level
   a - Beastly Appendage              Transmutation                1
   b - Sticks to Snakes               Transmutation                2
   c - Spider Form                    Transmutation/Poison         3
   d - Ice Form                       Ice/Transmutation            4
   e - Blade Hands                    Transmutation                5
Comestibles
 c - 6 rations
 o - a chunk of flesh


   Skills:
 + Level 1.7 Fighting
 - Level 1.7 Dodging
 + Level 3.3 Unarmed Combat
 - Level 5.1 Spellcasting
 * Level 6.7 Transmutations


You had 5 spell levels left.
You knew the following spells:

 Your Spells              Type           Power        Failure   Level  Hunger
a - Beastly Appendage     Tmut           ###...       1%          1    None
b - Sticks to Snakes      Tmut           ###.....     1%          2    ##.....
c - Spider Form           Tmut/Pois      ##........   12%         3    ###....
d - Blade Hands           Tmut           ###.......   26%         5    ######.


Dungeon Overview and Level Annotations

Branches:
Dungeon (4/15)
 Temple: D:4-7

Altars:
Makhleb
Vehumet


Innate Abilities, Weirdness & Mutations

You can breathe bolts of dispelling energy.
Your rich purple scales are hard. (AC +6)
You cannot fit into any form of body armour.
You are cold-blooded and may be slowed by cold attacks.


Message History

Spoiler Alert: The orc warrior can hit for high damage!
You hit the orc warrior but do no damage.
The orc warrior is poisoned.
The orc warrior hits you but does no damage.
The orc misses you.
You hit the orc warrior but do no damage.
The orc warrior looks as sick as possible!
The orc hits you with a mace of protection.
* * * LOW HITPOINT WARNING * * *
The orc warrior completely misses you.
You take 5 damage, and have 8/53 hp.
Spoiler Alert: The orc warrior can hit for high damage!
You barely miss the orc warrior.
You hit the orc warrior but do no damage.
Your transformation has ended.
Your +0 short sword of electrocution unmelds from your body.
You hear the crackle of electricity.
The orc closely misses you.
The orc warrior hits you with a battleaxe!!
You die...

#.# #.# .#
#.# .# #.# .#
#)# .# ###
#.# .#
.....###.##.#
#....<....#
.....###.@o##
### ###o#
#..#####o#
#....h^.o#
#..#####.#
..# ..# #..#
#..#


You could see an orc warrior and 3 orcs.

Vanquished Creatures
  Grinder (D:3)
  An ice beast (D:3)
  The ghost of Mirai the Magician, a weakling DECj (D:3)
  2 orc priests
  2 orc wizards (D:3)
  Natasha (thrice) (D:3)
  8 adders
  An ooze (D:3)
  2 worms (D:2)
  2 dart slugs (D:3)
  9 orcs (D:3)
  5 giant cockroaches
  6 goblins
  8 hobgoblins
  7 jackals
  3 quokkas
  7 bats
  4 frilled lizards
  8 kobolds
  6 rats
86 creatures vanquished.

Vanquished Creatures (collateral kills)
  A goblin (D:1)
  A kobold (D:1)
2 creatures vanquished.

Grand Total: 88 creatures vanquished

Notes
Turn   | Place    | Note
-------+----------+-------------------------------------------
     0 | D:1      | ninurtach the Draconian Transmuter began the quest for the Orb.
     0 | D:1      | Reached XP level 1. HP: 16/16 MP: 3/3
   527 | D:1      | Reached XP level 2. HP: 3/23 MP: 3/5
   534 | D:1      | HP: 1/23 [giant cockroach (2)]
   961 | D:1      | Learned a level 2 spell: Sticks to Snakes
  1708 | D:2      | Reached skill level 3 in Transmutations
  1727 | D:2      | Reached XP level 3. HP: 9/28 MP: 4/6
  2700 | D:2      | Learned a level 3 spell: Spider Form
  2862 | D:2      | Reached XP level 4. HP: 35/35 MP: 8/8
  2984 | D:2      | Found a radiant altar of Vehumet.
  2985 | D:2      | Found a burning altar of Makhleb.
  3111 | D:2      | Reached skill level 4 in Transmutations
  4085 | D:3      | Reached XP level 5. HP: 24/40 MP: 9/9
  4128 | D:3      | Noticed Grinder
  4296 | D:3      | Paralysed by Grinder for 6 turns
  4325 | D:3      | Paralysed by Grinder for 2 turns
  4341 | D:3      | Killed Grinder
  4341 | D:3      | Reached skill level 5 in Transmutations
  4341 | D:3      | Reached XP level 6. HP: 34/47 MP: 4/11
  4411 | D:3      | Noticed an ice beast
  4551 | D:3      | Noticed Mirai's ghost (weakling DECj)
  4559 | D:3      | Killed Mirai's ghost
  4862 | D:3      | Reached skill level 6 in Transmutations
  5079 | D:3      | Noticed Natasha
  5090 | D:3      | Killed Natasha
  5108 | D:3      | Noticed Natasha
  5111 | D:3      | Killed Natasha
  5116 | D:3      | Noticed Natasha
  5123 | D:3      | Killed Natasha
  5207 | D:3      | Your scales start taking on a rich purple colour.
  5207 | D:3      | Reached skill level 5 in Spellcasting
  5207 | D:3      | Reached XP level 7. HP: 48/52 MP: 10/14
  5227 | D:3      | Learned a level 5 spell: Blade Hands
  5909 | D:4      | Mangled by an orc warrior

Skill      XL: |  1  2  3  4  5  6 |
---------------+-------------------+-----
Transmutations | 3 4 5 6 |  6.7
Spellcasting   | 3 5 |  5.1
Fighting       | |  1.7
Dodging        | |  1.7
Unarmed Combat | |  3.3

Action                   |  1- 3 |  4- 6 |  7- 9 || total
-------------------------+-------+-------+-------++-------
Melee: Unarmed           |    51 |    25 |    20 ||    96
       Hand axe          |    11 |       |       ||    11
       Headbutt          |     1 |     2 |       ||     3
       Spear             |    93 |       |       ||    93
       Tailslap          |     9 |    12 |     2 ||    23
       Short sword       |       |   132 |    16 ||   148
       Punch             |       |     1 |       ||     1
 Cast: Beastly Appendage |     3 |     2 |       ||     5
       Sticks to Snakes  |     2 |     5 |       ||     7
       Spider Form       |       |     4 |     2 ||     6
  Use: Scroll            |     3 |     5 |       ||     8
       Potion            |     1 |     2 |       ||     3
 Stab: Sleeping          |     3 |       |       ||     3
       Distracted        |       |     1 |       ||     1
  Eat: Chunk             |     6 |     8 |       ||    14
       Ration            |       |       |     1 ||     1
Armor: Skin              |    35 |    41 |     5 ||    81
Dodge: Dodged            |    78 |    91 |    25 ||   194
